 Dungeon Crawl Stone Soup version 0.22-a0-305-gd21a89c (webtiles) character file.

5856 matakusis the Summoner (level 10, -4/40 HPs)
             Began as a Deep Elf Summoner on Mar 30, 2018.
             Was a Priest of Hepliaklqana.
             Killed from afar by a raiju (17 damage)
             ... with a living lightning
             ... on level 12 of the Dungeon.
             The game lasted 00:57:42 (9259 turns).

matakusis the Summoner (Deep Elf Summoner)          Turns: 9259, Time: 00:57:42

Health: -4/40      AC:  9    Str:  5    XL:     10   Next: 52%
Magic:  28/38      EV: 18    Int: 24    God:    Hepliaklqana [***...]
Gold:   638        SH:  0    Dex: 21    Spells: 18/29 levels left

rFire    + . .     SeeInvis .   y - staff of power
rCold    + . .     Gourm    .   (no shield)
rNeg     . . .     Faith    .   J - +0 robe {rC+ rF+}
rPois    .         Spirit   .   j - +2 helmet
rElec    .         Reflect  .   (no cloak)
rCorr    .         Harm     .   (no gloves)
MR       ++...                  p - +0 pair of boots
Stlth    ++........             w - amulet of magic regeneration
HPRegen  0.13/turn              G - +3 ring of protection
MPRegen  0.51/turn              o - +6 ring of dexterity

@: no status effects
A: reduced essence, frail 1, low mp 1, magic resistance 1
a: Recall Ancestor, Ancestor Identity, Transference, Renounce Religion


You were on level 12 of the Dungeon.
You worshipped Hepliaklqana.
Hepliaklqana was most pleased with you.
You were not hungry.

You visited 2 branches of the dungeon, and saw 13 of its levels.

You collected 638 gold pieces.

Inventory:

Hand Weapons
 k - the +7 great mace "Undeadhunter" {disrupt, rN+}
   (You found it on level 10 of the Dungeon)

   It protects you from negative energy.
 r - a +4 dagger
 E - the +5 quarterstaff "Dut Zaamm" {antimagic, rElec rN+ MR++ Stlth+}
   (You found it on level 10 of the Dungeon)

   It reduces the magical energy of the wielder, and disrupts the spells and
   magical abilities of those hit.
   Natural abilities and divine invocations are not affected.
   It insulates you from electricity.
   It protects you from negative energy.
   It affects your resistance to hostile enchantments.
   It makes you more stealthy.
Missiles
 q - 141 arrows
Armour
 j - a +2 helmet (worn)
 p - a +0 pair of boots (worn)
 J - a +0 robe of resistance (worn)
 L - +0 acid dragon scales
Magical Staves
 y - an uncursed staff of power (weapon)
 C - an uncursed staff of earth
Jewellery
 e - an uncursed ring of protection from magic
 g - an uncursed ring of resist corrosion
 o - a +6 ring of dexterity (right hand)
 w - an amulet of magic regeneration (around neck)
 G - a +3 ring of protection (left hand)
 I - a +3 amulet of reflection
Wands
 i - a wand of digging (29)
 v - a wand of acid (9)
 K - a wand of random effects (41)
Scrolls
 a - a scroll of remove curse
 b - a scroll of amnesia
 l - 5 scrolls of teleportation
 m - a scroll of fear
 t - 3 scrolls of enchant weapon
 u - 4 scrolls of identify
 D - a scroll of noise
 H - a scroll of enchant armour
Potions
 d - 2 potions of heal wounds
 f - a potion of magic
 h - 2 potions of curing
 n - a potion of resistance
 s - 2 potions of flight
 x - a potion of ambrosia
 z - a potion of might
 A - a potion of brilliance
 B - a potion of agility
Comestibles
 c - 27 rations


   Skills:
 * Level 7.5 Dodging
 - Level 2.4 Stealth
 + Level 10.3 Spellcasting
 * Level 11.8 Summonings
 * Level 7.5 Ice Magic
 - Level 2.0 Air Magic


You had 18 spell levels left.
You knew the following spells:

 Your Spells              Type           Power        Failure   Level  Hunger
a - Summon Small Mammal   Summ           ####         1%          1    None
b - Call Imp              Summ           ######..     1%          2    None
c - Summon Ice Beast      Ice/Summ       ######..     1%          4    #......
d - Summon Lightning Spi  Summ/Air       #####...     3%          4    #......


Dungeon Overview and Level Annotations

Branches:
Dungeon (12/15)            Temple (1/1) D:7            Lair (0/6) D:8
    Orc: D:9-12

Altars:
Ashenzari
Cheibriados
Dithmenos
Elyvilon
Fedhas
Gozag
Hepliaklqana
Kikubaaqudgha
Makhleb
Nemelex Xobeh
Okawaru
Qazlal
Ru
Sif Muna
Trog
Uskayaw
Vehumet
Wu Jian
Xom
Yredelemnul
Zin
The Shining One

Shops:
D:10 :?*(


Innate Abilities, Weirdness & Mutations

Your life essence is reduced to manifest your ancestor. (-10% HP)
You are frail. (-10% HP)
Your magical capacity is low. (-10% MP)
You are resistant to hostile enchantments. (MR+)


Message History

r - Retreat! s - Stop attacking. g - Guard the area. f - Follow me.
Anything else - Cancel.
Gang up on whom?
Press: ? - help, Dir - move target cursor, f - raiju
Aim: a raiju (severely wounded) Attack!
Your ice beast hits the raiju but does no damage.
The raiju bites your ice beast. The raiju shocks your ice beast!
Your ice beast dies!
Your ice beast barely misses the raiju.
Your ice beast closely misses the raiju.
The raiju barks!
Casting: Summon Ice Beast (safe; 1% risk of failure)
Confirm with . or Enter, or press ? or * to list all spells.
A chill wind blows around you.
The raiju bursts into living lightning!
The living lightning hits your ice beast.
The living lightning hits you!
You die...

# ##.# ..###
...########
.#Yh......#
##.#YRY.....#
#..#..@.....#
##.##........#
##..##........#
#..#..........#
#..##.##########
#..##...
#.##..### #. #.#
# #.


You could see the friendly Tenoch the hexer, a raiju and 3 friendly ice beasts.

Vanquished Creatures
  A hound (D:4)
  A bullfrog skeleton (D:5)
  An orc wizard (D:2)
  A hound skeleton (D:9)
  2 orcs
  A giant cockroach (D:2)
  A goblin (D:3)
  2 jackals
  2 bats (D:3)
  A kobold (D:3)
  A leopard gecko skeleton (D:5)
  A quokka skeleton (D:6)
  A rat (D:3)
16 creatures vanquished.

Vanquished Creatures (collateral kills)
  A hydra (D:9)
  2 two-headed ogres
  2 ugly things (D:12)
  The ghost of Paulus the Slasher, a novice MfGl of Okawaru (D:6)
  A queen bee (D:10)
  A troll (D:11)
  A hippogriff (D:10)
  Sigmund (D:6)
  A shadow (D:12)
  A wyvern (D:10)
  4 yaks (D:9)
  An acid dragon (D:12)
  3 ice beasts
  A black bear (D:4)
  4 orc warriors
  2 phantoms
  A necrophage (D:10)
  3 ogres
  A sky beast (D:4)
  2 eyes of draining (D:10)
  An eye of draining (shapeshifter) (D:11)
  5 centaurs
  A crocodile (D:10)
  A big kobold (D:10)
  5 bullfrogs
  A gnoll sergeant (D:11)
  A wyvern skeleton (D:10)
  3 scorpions
  23 killer bees (D:10)
  4 wights (D:7)
  A quasit (D:10)
  2 centaur zombies
  4 hounds
  4 jellies
  2 orc priests
  A centaur skeleton (D:6)
  4 iguanas
  6 orc wizards
  9 worker ants
  A hound zombie (D:7)
  A hound skeleton (D:7)
  A worker ant zombie (D:6)
  6 gnolls
  A howler monkey skeleton (D:7)
  15 adders
  4 shadow imps
  An adder zombie (D:5)
  6 oozes
  2 worms (D:2)
  3 dart slugs
  4 leopard geckos
  47 orcs
  4 ball pythons
  4 giant cockroaches
  7 goblins
  3 hobgoblins
  10 jackals
  14 kobolds
  9 bats
  6 frilled lizards
  A quokka zombie (D:5)
  8 rats
270 creatures vanquished.

Vanquished Creatures (others)
  An orc wizard (D:6)
  3 hexers
  4 ancestors
8 creatures vanquished.

Grand Total: 294 creatures vanquished

Notes
Turn   | Place    | Note
-------+----------+-------------------------------------------
     0 | D:1      | matakusis the Deep Elf Summoner began the quest for the Orb.
     0 | D:1      | Reached XP level 1. HP: 10/10 MP: 6/6
   221 | D:1      | Reached XP level 2. HP: 15/15 MP: 4/8
   225 | D:1      | Learned a level 2 spell: Call Imp
   833 | D:2      | Reached skill level 5 in Summonings
   833 | D:2      | Reached XP level 3. HP: 19/19 MP: 5/10
  1484 | D:3      | Reached XP level 4. HP: 24/24 MP: 3/12
  1622 | D:3      | Learned a level 4 spell: Summon Ice Beast
  1627 | D:3      | Learned a level 4 spell: Summon Lightning Spire
  1836 | D:3      | Reached XP level 5. HP: 26/28 MP: 5/13
  2011 | D:3      | Noticed an angel
  2011 | D:3      | Found a shimmering altar of Xom.
  2014 | D:3      | Found a glowing silver altar of Zin.
  2237 | D:4      | Noticed a phantom
  2259 | D:4      | Killed a phantom
  2259 | D:4      | Reached skill level 6 in Summonings
  2259 | D:4      | Reached skill level 1 in Ice Magic
  2486 | D:4      | Noticed a sky beast
  2495 | D:4      | Killed a sky beast
  2495 | D:4      | Reached XP level 6. HP: 32/32 MP: 10/15
  2527 | D:4      | Reached skill level 5 in Spellcasting
  2761 | D:5      | Entered Level 5 of the Dungeon
  2984 | D:4      | Found a stormy altar of Qazlal.
  3005 | D:5      | Reached skill level 7 in Summonings
  3062 | D:5      | Reached XP level 7. HP: 32/36 MP: 1/17
  3069 | D:5      | Reached skill level 1 in Air Magic
  3297 | D:5      | Found a bloodstained altar of Trog.
  3537 | D:6      | Noticed Paulus's ghost (novice MfGl)
  3923 | D:6      | Noticed Sigmund
  3931 | D:6      | Killed Sigmund
  3984 | D:6      | Reached skill level 8 in Summonings
  4047 | D:6      | Killed Paulus's ghost
  4047 | D:6      | Reached skill level 5 in Dodging
  4047 | D:6      | Reached XP level 8. HP: 25/41 MP: 3/20
  4589 | D:7      | Found a staircase to the Ecumenical Temple.
  4591 | D:7      | Found a faded altar of an unknown god.
  4605 | Temple   | Entered the Ecumenical Temple
  4769 | D:7      | Became a worshipper of Elyvilon the Healer
  4769 | D:7      | Reached * piety under Elyvilon
  4770 | D:7      | Fell from the grace of Elyvilon
  4806 | Temple   | Became a worshipper of Hepliaklqana the Forgotten
  5070 | D:7      | Gained mutation: Your magical capacity is low. (-10% MP) [potion of mutation]
  5070 | D:7      | Gained mutation: You are frail. (-10% HP) [potion of mutation]
  5070 | D:7      | Gained mutation: You are resistant to hostile enchantments. (MR+) [potion of mutation]
  5430 | D:7      | Found a shadowy altar of Dithmenos.
  6008 | D:8      | Found a staircase to the Lair.
  6035 | D:8      | Reached skill level 9 in Summonings
  6045 | D:8      | Noticed a two-headed ogre
  6066 | D:8      | Killed a two-headed ogre
  6104 | D:8      | Reached * piety under Hepliaklqana
  6149 | D:8      | Found a sparkling altar of Nemelex Xobeh.
  6570 | D:8      | Reached XP level 9. HP: 36/36 MP: 20/20
  6685 | D:9      | Found a deep blue altar of Sif Muna.
  6796 | D:9      | Found an ornate altar of the Wu Jian Council.
  6857 | D:9      | Reached skill level 5 in Ice Magic
  6875 | D:9      | Found a white marble altar of Elyvilon.
  6990 | D:9      | Noticed a four-headed hydra
  7008 | D:9      | Killed a four-headed hydra
  7008 | D:9      | Reached skill level 10 in Summonings
  7192 | D:9      | Reached ** piety under Hepliaklqana
  7193 | D:9      | Remembered your ancestor Tenoch as a hexer
  7463 | D:10     | Entered Level 10 of the Dungeon
  7584 | D:10     | Noticed a queen bee
  7603 | D:10     | Killed a queen bee
  7603 | D:10     | Reached skill level 11 in Summonings
  7648 | D:10     | Found the +7 great mace "Undeadhunter" {disrupt, rN+}
  7730 | D:10     | Found Wyxto's Weapon Shop.
  7839 | D:10     | Reached XP level 10. HP: 29/40 MP: 23/23
  7883 | D:10     | Found Moca Eqa's General Store.
  7981 | D:10     | Found Siekk's Magic Scroll Emporium.
  8222 | D:10     | Found Raij's Book Boutique.
  8267 | D:10     | Got a dazzling quarterstaff
  8268 | D:10     | Identified the +5 quarterstaff "Dut Zaamm" {antimagic, rElec rN+ MR++ Stlth+} (You found it on level 10 of the Dungeon)
  8795 | D:11     | Noticed a two-headed ogre
  8808 | D:11     | Killed a two-headed ogre
  8808 | D:11     | Reached skill level 10 in Spellcasting
  9052 | D:11     | Reached *** piety under Hepliaklqana
  9063 | D:11     | Found a burning altar of Makhleb.
  9063 | D:11     | Noticed a cacodemon
  9198 | D:12     | Noticed a cyan ugly thing
  9209 | D:12     | Killed a cyan ugly thing
  9230 | D:12     | Noticed a purple ugly thing
  9244 | D:12     | Killed a purple ugly thing
  9259 | D:12     | Killed from afar by a raiju

Vault maps used:
D:1:      tarquinn_simple_flora_water_e, minmay_heptomino_l4
D:3:      grunt_temple_overflow_order_and_chaos_1, serial_bayou_pond_e
D:4:      lemuel_upstairs_altar, first_ration, serial_glass, glass_columns_b,
          glass_columns_b
D:5:      lightli_temple_of_fire, serial_curves, eino_curves_03, eino_curves_04
D:6:      kennysheep_diamond, minmay_misc_feat_x, uniq_sigmund
D:7:      nicolae_temple_entry_ecumenical, nicolae_dithmenos_shadow_blocks
D:8:      nemelex_xobeh_ov_fountains_minmay, dpeg_oklobed_lair
D:9:      lemuel_round_altar, led_sif_pool, basic_altar,
          hangedman_little_slice_of_home, due_unseen_surprise
D:10:     serial_shops, shop, nicolae_shop_behind_doors, kennysheep_mini_moat,
          shop_scrolls
D:11:     makhleb_altar_promises_db
D:12:     minmay_shoctagon, david_orc_5, minmay_misc_feat_room, uniq_azrael,
          uniq_psyche, uniq_nessos
Temple:   eino_temple_scatter_basement

Skill      XL: |  1  2  3  4  5  6  7  8  9 10 |
---------------+-------------------------------+-----
Summonings     | 5 6 7 8 9 11 | 11.8
Dodging        | 3 4 5 6 7 |  7.5
Spellcasting   | 4 5 6 8 9 10 | 10.3
Ice Magic      | 1 2 3 4 6 7 |  7.5
Air Magic      | 1 2 |  2.0
Stealth        | |  2.4

Action                   |  1- 3 |  4- 6 |  7- 9 | 10-12 || total
-------------------------+-------+-------+-------+-------++-------
Melee: Unarmed           |    25 |       |       |       ||    25
       Short sword       |       |    42 |    23 |       ||    65
       Dagger            |       |       |    29 |       ||    29
       Staff             |       |       |     6 |     7 ||    13
 Cast: Summon Small Mamm |    33 |     3 |       |       ||    36
       Call Imp          |    25 |    23 |       |       ||    48
       Summon Ice Beast  |       |    11 |    46 |    22 ||    79
       Summon Lightning  |       |     9 |    49 |    12 ||    70
Invok: Recall Ancestor   |       |       |     3 |     1 ||     4
       Renounce Religion |       |       |     1 |       ||     1
       Ancestor Life: He |       |       |     1 |       ||     1
  Use: Scroll            |     5 |     4 |     5 |     6 ||    20
       Potion            |       |     2 |     6 |     1 ||     9
 Stab: Distracted        |     2 |     1 |     2 |     1 ||     6
       Sleeping          |     1 |       |     1 |       ||     2
  Eat: Chunk             |     2 |     9 |    20 |     4 ||    35
       Ration            |       |       |     1 |       ||     1
Armor: Robe              |    23 |    24 |    16 |     3 ||    66
       Leather armour    |       |       |     2 |     3 ||     5
Dodge: Dodged            |    44 |    40 |    94 |    19 ||   197

Table legend:
 A = Spawn XP
 B = Non-spawn XP
 C = Spawn XP percentage of total XP
 D = Spawn monster count
 E = Non-spawn monster count
 F = Spawn count percentage of total count
 G = Total turns spent on level
                    A         B        C        D         E        F      G
               +---------+---------+-------+---------+---------+-------+---------
         Total |       0 |    8366 |   0.0 |       0 |     287 |   0.0 |  9259
               +---------+---------+-------+---------+---------+-------+---------
           D:1 |       0 |      23 |   0.0 |       0 |      21 |   0.0 |   724
           D:2 |       0 |      88 |   0.0 |       0 |      30 |   0.0 |   812
           D:3 |       0 |     108 |   0.0 |       0 |      42 |   0.0 |   689
           D:4 |       0 |     273 |   0.0 |       0 |      14 |   0.0 |   552
           D:5 |       0 |     329 |   0.0 |       0 |      23 |   0.0 |   769
           D:6 |       0 |     946 |   0.0 |       0 |      32 |   0.0 |   951
           D:7 |       0 |     276 |   0.0 |       0 |      21 |   0.0 |  1087
           D:8 |       0 |     823 |   0.0 |       0 |      17 |   0.0 |   893
           D:9 |       0 |    1457 |   0.0 |       0 |      20 |   0.0 |   797
          D:10 |       0 |    2035 |   0.0 |       0 |      43 |   0.0 |   949
          D:11 |       0 |    1195 |   0.0 |       0 |      19 |   0.0 |   740
          D:12 |       0 |     813 |   0.0 |       0 |       5 |   0.0 |   107
               +---------+---------+-------+---------+---------+-------+---------
